 Dungeon Crawl Stone Soup version 0.30-a0-223-gcb0039aa0c (webtiles) character file.

Game seed: 300715716303678285

19626 qw the Cleaver (level 12, -3/77 HPs)
             Began as a Gargoyle Fighter on Oct 9, 2022.
             Was a High Priest of Okawaru.
             Shot with an arrow by Nessos (4 damage)
             ... on level 3 of the Lair of Beasts.
             The game lasted 00:05:05 (12042 turns).

qw the Cleaver (Gargoyle Fighter)                  Turns: 12042, Time: 00:05:06

Health: -3/77      AC: 31    Str: 30    XL:     12   Next: 71%
Magic:  15/19      EV: 10    Int: 10    God:    Okawaru [*****.]
Gold:   605        SH:  6    Dex:  9    Spells: 11/11 levels left

rFire   . . .      SeeInvis .    q - +1 hand axe (vamp)
rCold   . . .      Faith    .    c - +0 buckler
rNeg    + . .      Spirit   .    w - +0 plate armour
rPois   inf        Reflect  .    a - +0 helmet
rElec   +          Harm     .    (no cloak)
rCorr   .          Rampage  .    g - +0 pair of gloves
Will    .....                    (no boots)
Stlth   ..........               (no amulet)
HPRegen 0.32/turn                s - +6 ring of strength
MPRegen 0.16/turn                o - +4 ring of protection

@: heroic, finesse-ful
A: sickness immunity, AC +8, negative energy resistance 1, electricity
resistance, torment resistance 1, petrification resistance
a: Renounce Religion, Heroism, Finesse, Duel


You were on level 3 of the Lair of Beasts.
You worshipped Okawaru.
Okawaru was extremely pleased with you.
You visited 3 branches of the dungeon, and saw 15 of its levels.

You collected 899 gold pieces.
You spent 294 gold pieces at shops.


Innate Abilities, Weirdness & Mutations

You are immune to sickness and miasma.
Your stone body is resilient. (AC +8)
You are immune to poison.
You resist negative energy. (rN+)
You are resistant to electric shocks. (rElec)
You are resistant to unholy torment.
You are immune to petrification.


   Skills:
 - Level 10.1(15.1) Fighting
 + Level 12.7(17.7) Axes
 - Level 3.0(8.0) Throwing
 - Level 8.0(13.0) Armour
 - Level 2.0(7.0) Dodging
 - Level 6.0(11.0) Shields
 - Level 10.0 Invocations


You had 11 spell levels left.
You didn't know any spells.
Your spell library was empty.

Inventory:

Hand Weapons
 j - a +2 vorpal war axe
 q - a +1 vampiric hand axe (weapon)
 v - a +2 morningstar of freezing
Missiles
 m - 13 boomerangs
 t - 2 javelins (quivered)
Armour
 a - a +0 helmet (worn)
 c - a +0 buckler (worn)
 g - a +0 pair of gloves (worn)
 k - a +1 chain mail of cold resistance
 w - a +0 plate armour (worn)
Jewellery
 h - a ring of ice
 o - a +4 ring of protection (right hand)
 s - a +6 ring of strength (left hand)
Scrolls
 n - 4 scrolls of identify
Potions
 b - 3 potions of resistance
 d - a potion of might
 e - 4 potions of curing
 i - 2 potions of haste
 l - 2 potions of magic
 p - 2 potions of attraction
 u - a potion of lignification

Dungeon Overview and Level Annotations

Branches:
Dungeon (11/15)            Temple (1/1) D:4            Lair (3/5) D:11
  Swamp (0/4) Lair:2        Snake (0/4) Lair:2          Orc (0/2) D:11

Altars:
Ashenzari
Cheibriados
Dithmenos
Elyvilon
Fedhas
Hepliaklqana
Kikubaaqudgha
Makhleb
Nemelex Xobeh
Okawaru
Qazlal
Ru
Sif Muna
Trog
Uskayaw
Vehumet
Wu Jian
Xom
Zin
The Shining One

Shops:
D:8 [

Annotations:
D:4 3 runed translucent doors, Crazy Yiuf
Lair:3 Nessos


Message History

You hit Nessos but do no damage.
Nessos is severely wounded.
You hit the black mamba.
You feel better.
The black mamba bites you but does no damage.
You barely miss Nessos.
Nessos is severely wounded.
You hit the black mamba.
You feel better. Nessos hits you but does no damage.
Nessos kicks you but does no damage.
You barely miss Nessos.
Nessos is severely wounded.
You hit the black mamba.
You feel better.
Nessos gestures wildly while chanting.
Nessos blinks!
The black mamba bites you!
You hit the black mamba.
The black mamba is almost dead.
Nessos says, "Study your classics!"
Nessos gestures wildly while chanting.
Nessos blinks!
You slice the black mamba!!
You kill the black mamba!
Okawaru accepts your kill.
Nessos wields a +1 longbow of flaming.
It bursts into flame!
Nessos shoots an arrow.
The arrow hits you. The arrow burns you.
You hit Nessos.
You feel better.
Nessos is severely wounded.
Nessos unwields a +1 longbow of flaming.
It stops flaming.
You block Nessos's attack. x2
You slash Nessos!
You feel better.
Nessos is almost dead.
Nessos casts a spell.
Nessos blinks!
Nessos wields a +1 longbow of flaming.
It bursts into flame!
Nessos shoots an arrow.
The arrow hits you but does no damage.
Nessos casts a spell.
Nessos blinks!
Nessos shoots an arrow.
The arrow hits you! The arrow burns you.
Nessos gestures wildly while chanting.
Nessos blinks!
Nessos shoots an arrow.
The arrow hits you! The arrow burns you.
You die...

#...#..## ### .....#.#
P.##......### #
.........#.# ##P.
#.........#### .....
##.........P#.#......
####................#.
..............###!P.?..#
#...##....@.c...##........
#.# #....¤........./......
#.# ##¤..#...#####.......#
#.# #...#..## #..P.#. #.#
#####...# ..#.# ##.# ##.##
.c... #..# #####..##
#..####..##P.P#
##...........##


You could see Nessos (fast).

Vanquished Creatures
  Fannar (Lair:2)
  A two-headed ogre (D:10)
  Pikel (D:4)
  A deep elf pyromancer (D:11)
  3 oklob plants
  Joseph (D:7)
  A manticore (D:9)
  2 black mambas
  A gargoyle (D:11)
  A komodo dragon (Lair:2)
  3 cane toads
  Psyche (D:9)
  A kobold demonologist (D:11)
  A polar bear (Lair:1)
  Grinder (D:5)
  9 blink frogs
  2 shadows
  Sigmund (D:5)
  A vampire (D:10)
  A wraith (D:11)
  2 wyverns
  A basilisk (Lair:2)
  26 yaks
  A steam dragon (D:10)
  3 acid dragons
  9 water moccasins
  2 orc warriors
  2 ice beasts
  3 black bears
  6 ogres
  4 wolves
  7 centaurs
  3 kobold brigands
  3 phantoms
  3 scorpions
  5 bullfrogs
  4 necrophages (Lair:2)
  9 wights (D:8)
  8 howler monkeys
  2 gnoll boudas
  5 orc priests
  A hound (D:5)
  3 iguanas
  11 orc wizards
  11 gnolls
  9 adders
  A shadow imp (D:6)
  2 white imps
  An ufetubus (D:7)
  2 worms
  A dart slug (D:4)
  28 orcs
  7 endoplasms
  4 giant cockroaches
  7 goblins
  8 hobgoblins
  11 jackals
  19 kobolds
  7 quokkas
  4 ball pythons
  7 bats
  4 rats
290 creatures vanquished.

Vanquished Creatures (others)
  7 fungi
  10 plants
17 creatures vanquished.

Grand Total: 307 creatures vanquished

Notes
Turn   | Place    | Note
-------+----------+-------------------------------------------
     0 | D:1      | qw the Gargoyle Fighter began the quest for the Orb.
     0 | D:1      | Reached XP level 1. HP: 14/14 MP: 1/1
     0 | D:1      | 0 ||| qw: Version: 0.2-a-17-g06abaee
     0 | D:1      | 0 ||| qw: Game counter: 2252
     0 | D:1      | 0 ||| qw: Always use a shield: true
     0 | D:1      | 0 ||| qw: God list: Okawaru
     0 | D:1      | 0 ||| qw: Allow faded altars: false
     0 | D:1      | 0 ||| qw: Do Orc after D:15 true
     0 | D:1      | 0 ||| qw: Do second Lair branch before Depths: true
     0 | D:1      | 0 ||| qw: Lair rune preference: random
     0 | D:1      | 0 ||| qw: Plans: Normal, Zot:1-4, God:TSO, Crypt, Tomb,
                  | Pan, Slime:5, Hells, Abyss, Orb
     0 | D:1      | 0 ||| PLANNING D:1-11
    19 | D:1      | Reached skill level 2 in Axes
   114 | D:1      | Reached XP level 2. HP: 14/19 MP: 2/2
   299 | D:1      | 299 ||| Stepping ~*~*~tactically~*~*~ (stealth).
   300 | D:1      | 300 ||| Stepping ~*~*~tactically~*~*~ (stealth).
   301 | D:1      | 301 ||| Stepping ~*~*~tactically~*~*~ (stealth).
   303 | D:1      | Reached skill level 3 in Axes
   307 | D:1      | Reached XP level 3. HP: 23/23 MP: 3/3
   422 | D:1      | Found a faded altar of an unknown god.
   550 | D:1      | 550 ||| UPGRADING to +0 chain mail.
   560 | D:1      | 560 ||| DROPPING +0 scale mail.
   561 | D:1      | 561 ||| UPGRADING to ring of willpower.
   562 | D:1      | 562 ||| READING scroll labelled WOMEWNYMOIC.
   565 | D:1      | 565 ||| READING scroll labelled VUFAOCIWAMN.
   566 | D:1      | 566 ||| READING scroll labelled FASISU NOARHEA.
   567 | D:1      | 567 ||| READING 2 scrolls labelled XUPRINIOPS.
   568 | D:1      | 568 ||| READING scroll labelled CYMYBU ROYMUMN.
   583 | D:1      | 583 ||| DRINKING 2 glowing coppery potions.
   593 | D:2      | 593 ||| STAIRDANCE
   726 | D:2      | Found a shimmering altar of Xom.
  1077 | D:2      | Reached XP level 4. HP: 26/28 MP: 4/4
  1156 | D:2      | Reached skill level 4 in Axes
  1279 | D:2      | 1279 ||| UPGRADING to +0 helmet.
  1284 | D:2      | 1284 ||| UPGRADING to +4 ring of protection.
  1285 | D:2      | 1285 ||| READING scroll labelled QARAOJ PEL MEV.
  1286 | D:2      | 1286 ||| READING 2 scrolls labelled QOAMPUHEIT.
  1287 | D:2      | 1287 ||| READING scroll labelled XOVVOFR TOTRUAMMA.
  1288 | D:2      | 1288 ||| DROPPING scroll of blinking.
  1419 | D:3      | Reached XP level 5. HP: 22/32 MP: 5/5
  1642 | D:3      | 1642 ||| Stepping ~*~*~tactically~*~*~ (stealth).
  1648 | D:3      | 1648 ||| Stepping ~*~*~tactically~*~*~ (stealth).
  1823 | D:3      | 1823 ||| READING 2 scrolls of identify.
  1823 | D:3      | 1823 ||| IDENTIFYING fizzy ruby potion
  1881 | D:4      | Reached skill level 5 in Axes
  1911 | D:4      | Reached XP level 6. HP: 16/38 MP: 6/6
  1997 | D:4      | 1997 ||| DROPPING +0 club.
  2246 | D:4      | HP: 8/38 [ogre/+0 giant spiked club (22)]
  2247 | D:4      | 2247 ||| READING scroll of teleportation.
  2248 | D:4      | 2248 ||| DRINKING potion of heal wounds.
  2251 | D:4      | Reached skill level 1 in Throwing
  2409 | D:4      | Found a large runed translucent door.
  2409 | D:4      | Found a large runed translucent door.
  2455 | D:4      | Found a staircase to the Ecumenical Temple.
  2456 | D:4      | 2456 ||| PLANNING TEMPLE
  2457 | D:4      | 2457 ||| DROPPING orb of mayhem.
  2468 | D:4      | Reached skill level 6 in Axes
  2468 | D:4      | Reached XP level 7. HP: 37/43 MP: 7/7
  2490 | D:4      | 2490 ||| READING scroll labelled SAFOYNE HUCRO.
  2491 | D:4      | 2491 ||| READING scroll labelled NOUNWA LIZE.
  2492 | D:4      | 2492 ||| DRINKING 2 white potions.
  2493 | D:4      | 2493 ||| READING 2 scrolls of identify.
  2493 | D:4      | 2493 ||| IDENTIFYING orange potion
  2494 | D:4      | 2494 ||| DROPPING potion of berserk rage.
  2495 | D:4      | 2495 ||| DROPPING potion of magic.
  2501 | Temple   | Entered the Ecumenical Temple
  2532 | Temple   | 2532 ||| PLANNING OKAWARU WORSHIP
  2898 | Temple   | Became a worshipper of Warmaster Okawaru
  2899 | Temple   | 2899 ||| PLANNING D:1-11
  3008 | D:4      | Reached skill level 1 in Dodging
  3012 | D:4      | 3012 ||| Stepping ~*~*~tactically~*~*~ (stealth).
  3072 | D:4      | Noticed Pikel
  3073 | D:4      | 3073 ||| Stepping ~*~*~tactically~*~*~ (stealth).
  3075 | D:4      | 3075 ||| Stepping ~*~*~tactically~*~*~ (stealth).
  3087 | D:4      | Killed Pikel
  3087 | D:4      | Reached * piety under Okawaru
  3087 | D:4      | Reached ** piety under Okawaru
  3088 | D:4      | Reached skill level 8 in Axes
  3088 | D:4      | Reached XP level 8. HP: 30/48 MP: 8/8
  3153 | D:4      | 3153 ||| DROPPING +0 whip.
  3177 | D:4      | Found a runed translucent door.
  3178 | D:4      | Noticed Crazy Yiuf
  3473 | D:4      | 3473 ||| READING scroll labelled CAMPAH RASOR.
  3474 | D:4      | 3474 ||| DRINKING 2 pink potions.
  3475 | D:4      | 3475 ||| READING 2 scrolls of identify.
  3475 | D:4      | 3475 ||| IDENTIFYING clear potion
  3494 | D:5      | Entered Level 5 of the Dungeon
  3499 | D:5      | 3499 ||| INVOKING Heroism.
  3500 | D:5      | 3500 ||| Stepping ~*~*~tactically~*~*~ (hiding).
  3502 | D:5      | 3502 ||| Stepping ~*~*~tactically~*~*~ (hiding).
  3515 | D:5      | Reached skill level 1 in Invocations
  3553 | D:5      | 3553 ||| DROPPING +1 whip of freezing.
  3557 | D:5      | 3557 ||| INVOKING Heroism.
  3569 | D:5      | 3569 ||| INVOKING Heroism.
  3576 | D:5      | Reached skill level 3 in Invocations
  3651 | D:5      | Noticed Sigmund
  3652 | D:5      | 3652 ||| INVOKING Heroism.
  3692 | D:5      | 3692 ||| DRINKING potion of curing.
  3692 | D:5      | 3692 ||| (to cure confusion)
  3695 | D:5      | 3695 ||| INVOKING Heroism.
  3701 | D:5      | Killed Sigmund
  3702 | D:5      | Reached XP level 9. HP: 29/55 MP: 8/12
  3843 | D:5      | Reached skill level 6 in Fighting
  3881 | D:5      | Noticed Grinder
  3882 | D:5      | 3882 ||| Stepping ~*~*~tactically~*~*~ (stealth).
  3914 | D:5      | 3914 ||| INVOKING Heroism.
  4022 | D:5      | 4022 ||| DROPPING +0 flail.
  4061 | D:5      | 4061 ||| INVOKING Heroism.
  4066 | D:5      | 4066 ||| Stepping ~*~*~tactically~*~*~ (hiding).
  4067 | D:5      | 4067 ||| Stepping ~*~*~tactically~*~*~ (hiding).
  4077 | D:5      | 4077 ||| Stepping ~*~*~tactically~*~*~ (hiding).
  4079 | D:5      | 4079 ||| Stepping ~*~*~tactically~*~*~ (hiding).
  4085 | D:5      | Killed Grinder
  4085 | D:5      | Reached *** piety under Okawaru
  4206 | D:5      | 4206 ||| DROPPING +4 flail.
  4228 | D:5      | 4228 ||| READING 2 scrolls of identify.
  4228 | D:5      | 4228 ||| IDENTIFYING red potion
  4251 | D:6      | 4251 ||| INVOKING Heroism.
  4313 | D:6      | You fall into a shaft and drop 1 floor!
  4339 | D:6      | Reached skill level 9 in Axes
  4874 | D:7      | 4874 ||| Stepping ~*~*~tactically~*~*~ (stealth).
  4918 | D:7      | 4918 ||| Stepping ~*~*~tactically~*~*~ (hiding).
  4919 | D:7      | 4919 ||| Stepping ~*~*~tactically~*~*~ (hiding).
  5021 | D:7      | Noticed Joseph
  5022 | D:7      | 5022 ||| Stepping ~*~*~tactically~*~*~ (hiding).
  5037 | D:7      | 5037 ||| INVOKING Heroism.
  5043 | D:7      | Killed Joseph
  5066 | D:7      | 5066 ||| Stepping ~*~*~tactically~*~*~ (stealth).
  5091 | D:7      | 5091 ||| Stepping ~*~*~tactically~*~*~ (stealth).
  5253 | D:7      | 5253 ||| Stepping ~*~*~tactically~*~*~ (hiding).
  5257 | D:7      | Reached **** piety under Okawaru
  5474 | D:7      | 5474 ||| INVOKING Heroism.
  5496 | D:7      | 5496 ||| Stepping ~*~*~tactically~*~*~ (stealth).
  5508 | D:7      | Reached XP level 10. HP: 61/64 MP: 13/13
  5520 | D:7      | 5520 ||| READING scroll of enchant weapon.
  5520 | D:7      | 5520 ||| ENCHANTING +1 vorpal war axe.
  5580 | D:7      | 5580 ||| Stepping ~*~*~tactically~*~*~ (stealth).
  5887 | D:7      | 5887 ||| UPGRADING to +6 ring of dexterity.
  5889 | D:7      | 5889 ||| DROPPING ring of willpower.
  5960 | D:8      | 5960 ||| INVOKING Heroism.
  6004 | D:8      | 6004 ||| INVOKING Heroism.
  6020 | D:8      | 6020 ||| INVOKING Heroism.
  6039 | D:8      | 6039 ||| FLEEEEING.
  6195 | D:8      | Noticed a tengu warrior
  6195 | D:8      | Noticed a deep elf pyromancer
  6195 | D:8      | Noticed a cyclops
  6204 | D:8      | Noticed a catoblepas
  6205 | D:8      | Noticed a four-headed hydra
  6205 | D:8      | Noticed a cyclops
  6281 | D:8      | Reached skill level 6 in Invocations
  6363 | D:8      | 6363 ||| INVOKING Heroism.
  6372 | D:8      | Reached skill level 10 in Axes
  6390 | D:8      | Found Moem's Armour Shop.
  6549 | D:8      | 6549 ||| FLEEEEING.
  6550 | D:8      | 6550 ||| FLEEEEING.
  6551 | D:8      | 6551 ||| FLEEEEING.
  6552 | D:8      | 6552 ||| FLEEEEING.
  6553 | D:8      | 6553 ||| FLEEEEING.
  6554 | D:8      | 6554 ||| FLEEEEING.
  6555 | D:8      | 6555 ||| FLEEEEING.
  6556 | D:8      | 6556 ||| FLEEEEING.
  6557 | D:8      | 6557 ||| FLEEEEING.
  6558 | D:8      | 6558 ||| FLEEEEING.
  6559 | D:8      | 6559 ||| FLEEEEING.
  6560 | D:8      | 6560 ||| FLEEEEING.
  6561 | D:8      | 6561 ||| FLEEEEING.
  6562 | D:8      | 6562 ||| FLEEEEING.
  6563 | D:8      | 6563 ||| FLEEEEING.
  6564 | D:8      | 6564 ||| FLEEEEING.
  6565 | D:8      | 6565 ||| FLEEEEING.
  6566 | D:8      | 6566 ||| FLEEEEING.
  6568 | D:8      | 6568 ||| FLEEEEING.
  6569 | D:8      | 6569 ||| FLEEEEING.
  6570 | D:8      | 6570 ||| FLEEEEING.
  6571 | D:8      | 6571 ||| FLEEEEING.
  6572 | D:8      | 6572 ||| FLEEEEING.
  6573 | D:8      | 6573 ||| FLEEEEING.
  6574 | D:8      | 6574 ||| FLEEEEING.
  6576 | D:8      | 6576 ||| FLEEEEING.
  6577 | D:8      | 6577 ||| FLEEEEING.
  6578 | D:8      | 6578 ||| FLEEEEING.
  6579 | D:8      | 6579 ||| FLEEEEING.
  6580 | D:8      | 6580 ||| FLEEEEING.
  6581 | D:8      | 6581 ||| FLEEEEING.
  6582 | D:8      | 6582 ||| FLEEEEING.
  6583 | D:8      | 6583 ||| FLEEEEING.
  6584 | D:8      | 6584 ||| FLEEEEING.
  6585 | D:8      | 6585 ||| FLEEEEING.
  6585 | D:8      | a spriggan changed into a harpy
  6585 | D:8      | Noticed a harpy (shapeshifter)
  6595 | D:8      | a harpy changed into a rime drake
  6602 | D:8      | 6602 ||| FLEEEEING.
  6603 | D:8      | 6603 ||| FLEEEEING.
  6711 | D:8      | 6711 ||| DROPPING +0 morningstar.
  6807 | D:8      | 6807 ||| DROPPING +1 hat.
  6808 | D:8      | 6808 ||| DRINKING 2 puce potions.
  6847 | D:8      | 6847 ||| READING 3 scrolls of identify.
  6847 | D:8      | 6847 ||| IDENTIFYING metallic ruby potion
  6848 | D:8      | 6848 ||| READING 2 scrolls of identify.
  6848 | D:8      | 6848 ||| IDENTIFYING fuming amethyst potion
  6849 | D:8      | 6849 ||| DROPPING potion of degeneration.
  6850 | D:8      | 6850 ||| DROPPING potion of flight.
  6936 | D:8      | 6936 ||| BUYING +0 pair of gloves (63 gold).
  6936 | D:8      | Bought a +0 pair of gloves for 63 gold pieces
  6936 | D:8      | 6936 ||| BUYING +1 chain mail of cold resistance (231
                  | gold).
  6936 | D:8      | Bought a +1 chain mail of cold resistance for 231 gold
                  | pieces
  6936 | D:8      | 6936 ||| UPGRADING to +0 pair of gloves.
  6941 | D:8      | 6941 ||| UPGRADING to +1 chain mail of cold resistance.
  6951 | D:8      | 6951 ||| DROPPING +0 chain mail.
  7010 | D:9      | Noticed Psyche
  7011 | D:9      | 7011 ||| INVOKING Heroism.
  7021 | D:9      | Killed Psyche
  7099 | D:9      | 7099 ||| INVOKING Heroism.
  7110 | D:9      | Reached skill level 3 in Throwing
  7115 | D:9      | Reached ***** piety under Okawaru
  7117 | D:9      | Noticed a manticore
  7127 | D:9      | Killed a manticore
  7127 | D:9      | Received a gift from Okawaru
  7431 | D:9      | 7431 ||| UPGRADING to +0 plate armour.
  7441 | D:9      | 7441 ||| UPGRADING to +6 ring of strength.
  7443 | D:9      | 7443 ||| DROPPING +6 ring of dexterity.
  7444 | D:9      | 7444 ||| READING 2 scrolls of identify.
  7444 | D:9      | 7444 ||| IDENTIFYING viscous puce potion
  7445 | D:9      | 7445 ||| DROPPING potion of invisibility.
  7466 | D:10     | Entered Level 10 of the Dungeon
  7469 | D:10     | 7469 ||| INVOKING Heroism.
  7480 | D:10     | Reached XP level 11. HP: 63/68 MP: 15/17
  7488 | D:10     | Reached skill level 6 in Armour
  7578 | D:10     | 7578 ||| INVOKING Heroism.
  7581 | D:10     | 7581 ||| DRINKING 4 potions of curing.
  7581 | D:10     | 7581 ||| (to cure confusion)
  7597 | D:10     | Reached skill level 9 in Invocations
  7619 | D:10     | 7619 ||| INVOKING Heroism.
  7660 | D:10     | 7660 ||| SWAPPING to +1 vampiric hand axe.
  7683 | D:10     | Noticed a two-headed ogre
  7685 | D:10     | 7685 ||| Stepping ~*~*~tactically~*~*~ (stealth).
  7687 | D:10     | 7687 ||| INVOKING Heroism.
  7694 | D:10     | Killed a two-headed ogre
  7755 | D:10     | 7755 ||| INVOKING Heroism.
  7757 | D:10     | 7757 ||| Stepping ~*~*~tactically~*~*~ (cloud).
  7758 | D:10     | 7758 ||| READING scroll labelled OSEOMA JYNGESOREU.
  7759 | D:10     | 7759 ||| Stepping ~*~*~tactically~*~*~ (cloud).
  7773 | D:10     | Received a gift from Okawaru
  7850 | D:10     | 7850 ||| DROPPING +0 vorpal war axe.
  8070 | D:10     | 8070 ||| READING scroll labelled FUYSUH UJOULL.
  8071 | D:10     | 8071 ||| READING 3 scrolls of identify.
  8071 | D:10     | 8071 ||| IDENTIFYING emerald potion
  8075 | D:11     | Noticed an oklob plant
  8076 | D:11     | 8076 ||| INVOKING Heroism.
  8077 | D:11     | 8077 ||| INVOKING Finesse.
  8081 | D:11     | Found a staircase to the Lair.
  8127 | D:11     | 8127 ||| INVOKING Heroism.
  8143 | D:11     | 8143 ||| INVOKING Finesse.
  8150 | D:11     | 8150 ||| READING scroll of teleportation.
  8153 | D:11     | HP: 5/68 [oklob plant/splash of acid (22)]
  8154 | D:11     | 8154 ||| DRINKING potion of heal wounds.
  8334 | D:11     | 8334 ||| INVOKING Heroism.
  8616 | D:11     | 8616 ||| INVOKING Heroism.
  8617 | D:11     | 8617 ||| INVOKING Finesse.
  8733 | D:11     | 8733 ||| Stepping ~*~*~tactically~*~*~ (stealth).
  8735 | D:11     | 8735 ||| Stepping ~*~*~tactically~*~*~ (hiding).
  8736 | D:11     | 8736 ||| Stepping ~*~*~tactically~*~*~ (hiding).
  8741 | D:11     | 8741 ||| INVOKING Heroism.
  8938 | D:11     | Found a snail-covered altar of Cheibriados.
  8969 | D:11     | Noticed a deep elf pyromancer
  8980 | D:11     | 8980 ||| INVOKING Heroism.
  8983 | D:11     | Killed a deep elf pyromancer
  9051 | D:11     | 9051 ||| FLEEEEING.
  9206 | D:11     | 9206 ||| Stepping ~*~*~tactically~*~*~ (hiding).
  9270 | D:11     | Found a staircase to the Orcish Mines.
  9308 | D:11     | 9308 ||| INVOKING Heroism.
  9317 | D:11     | HP: 9/68 [oklob plant/splash of acid (20)]
  9318 | D:11     | 9318 ||| DRINKING potion of heal wounds.
  9332 | D:11     | Killed an oklob plant
  9539 | D:11     | 9539 ||| PLANNING LAIR
  9569 | Lair:1   | Entered Level 1 of the Lair of Beasts
  9570 | Lair:1   | 9570 ||| INVOKING Heroism.
  9584 | Lair:1   | Reached skill level 11 in Axes
  9713 | Lair:1   | 9713 ||| INVOKING Heroism.
  9753 | Lair:1   | 9753 ||| Stepping ~*~*~tactically~*~*~ (stealth).
  9761 | Lair:1   | 9761 ||| Stepping ~*~*~tactically~*~*~ (stealth).
  9768 | Lair:1   | 9768 ||| Stepping ~*~*~tactically~*~*~ (stealth).
  9769 | Lair:1   | 9769 ||| INVOKING Heroism.
  9783 | Lair:1   | Reached skill level 9 in Fighting
  9851 | Lair:1   | 9851 ||| INVOKING Heroism.
  9875 | Lair:1   | Reached XP level 12. HP: 76/76 MP: 19/19
  9927 | Lair:1   | 9927 ||| INVOKING Heroism.
 10089 | Lair:1   | 10089 ||| Stepping ~*~*~tactically~*~*~ (stealth).
 10091 | Lair:1   | 10091 ||| INVOKING Heroism.
 10374 | Lair:1   | Found a blossoming altar of Fedhas.
 10377 | Lair:1   | 10377 ||| INVOKING Heroism.
 10378 | Lair:1   | 10378 ||| INVOKING Finesse.
 10393 | Lair:1   | 10393 ||| DRINKING potion of cancellation.
 10398 | Lair:1   | Received a gift from Okawaru
 10410 | Lair:1   | Reached skill level 12 in Axes
 10565 | Lair:1   | 10565 ||| DROPPING orb of wrath.
 10615 | Lair:2   | 10615 ||| INVOKING Heroism.
 10617 | Lair:2   | 10617 ||| STAIRDANCE
 10683 | Lair:2   | Reached skill level 6 in Shields
 10697 | Lair:2   | 10697 ||| INVOKING Heroism.
 10702 | Lair:2   | Received a gift from Okawaru
 10842 | Lair:2   | Found a staircase to the Swamp.
 10845 | Lair:2   | Identified the +1 chain mail of Hangman {rElec Str+6 Dex-3}
 10866 | Lair:2   | 10866 ||| INVOKING Heroism.
 11071 | Lair:2   | 11071 ||| INVOKING Heroism.
 11288 | Lair:2   | Found a staircase to the Snake Pit.
 11670 | Lair:2   | Noticed Fannar
 11696 | Lair:2   | 11696 ||| INVOKING Heroism.
 11719 | Lair:2   | Killed Fannar
 11865 | Lair:2   | 11865 ||| DROPPING +1 chain mail of Hangman {rElec Str+6
                  | Dex-3}.
 11986 | Lair:3   | Noticed Nessos
 11987 | Lair:3   | 11987 ||| Stepping ~*~*~tactically~*~*~ (hiding).
 11990 | Lair:3   | 11990 ||| Stepping ~*~*~tactically~*~*~ (hiding).
 11991 | Lair:3   | 11991 ||| Stepping ~*~*~tactically~*~*~ (hiding).
 11993 | Lair:3   | 11993 ||| Stepping ~*~*~tactically~*~*~ (hiding).
 11995 | Lair:3   | 11995 ||| INVOKING Heroism.
 11996 | Lair:3   | 11996 ||| INVOKING Finesse.
 12003 | Lair:3   | 12003 ||| Stepping ~*~*~tactically~*~*~ (hiding).
 12011 | Lair:3   | 12011 ||| Stepping ~*~*~tactically~*~*~ (hiding).
 12026 | Lair:3   | 12026 ||| INVOKING Heroism.
 12041 | Lair:3   | HP: 14/77 [Nessos/arrow (6)]
 12042 | Lair:3   | HP: 1/77 [Nessos/arrow (13)]
 12042 | Lair:3   | Shot with an arrow by Nessos

Levels and vault maps discovered:
D:1:      minmay_arrival_cross, layout_rooms, shapermc_ecumenical_altar_petra,
          st_stairs_14
D:2:      layout_loops_ring, basic_altar
D:3:      layout_basic
D:4:      layout_cave_pods, jmf_multi_god_temple2,
          minmay_temple_entry_nine_rooms, skrybe_limestone_x, st_stairs_1,
          minmay_pentomino_pile, uniq_pikel, uniq_crazy_yiuf_cottage
D:5:      layout_cave_pools, reono_crystal_passage, uniq_sigmund, uniq_grinder
D:6:      layout_basic
D:7:      layout_basic, nicolae_underground_beach, uniq_joseph
D:8:      layout_loops_ring, nicolae_take_the_stairs, minivault_12
D:9:      layout_long_grid, uniq_psyche
D:10:     layout_cross, minmay_variable_closet
D:11:     layout_roguey, dpeg_oklobed_lair, ebering_dispersal_statue_hall,
          chei_slow_surprise
Temple:   mainiacjoe_temple_big_plus
Lair:1:   layout_roguey, columned_hall_lemuel, hangedman_tree_tricks,
          serial_bayou_shore_b, serial_bayou_shore_b
Lair:2:   layout_cave_shapes, swamp_mist_pool, dummy_snake_entry, st_stairs_13,
          roderic_carrion_pond, lemuel_fruit_fields, uniq_fannar
Lair:3:   layout_loops_ring, kilobyte_rumbling_trees, uniq_sonja, uniq_nessos,
          uniq_snorg

Skill      XL: |  1  2  3  4  5  6  7  8  9 10 11 12 |
---------------+-------------------------------------+-----
Axes           | 2 3 4 5 6 8 9 10 11 12 | 12.7
Fighting       | 4 5 8 9 10 | 10.1
Throwing       | 1 2 3 |  3.0
Dodging        | 1 2 |  2.0
Invocations    | 4 8 10 | 10.0
Armour         | 4 5 8 |  8.0
Shields        | 4 5 6 |  6.0

Action                   |  1- 3 |  4- 6 |  7- 9 | 10-12 || total
-------------------------+-------+-------+-------+-------++-------
Melee: War axe           |   110 |   103 |   175 |   193 ||   581
       Hand axe          |       |       |       |   551 ||   551
Throw: Boomerang         |    29 |    37 |       |    23 ||    89
       Javelin           |       |     7 |    35 |    61 ||   103
Invok: Heroism           |       |       |    10 |    32 ||    42
       Finesse           |       |       |       |     5 ||     5
  Use: Scroll            |     5 |     5 |     6 |     8 ||    24
       Potion            |     1 |     1 |     3 |     5 ||    10
Armor: Scale mail        |    35 |       |       |       ||    35
       Chain mail        |    33 |    65 |   154 |    62 ||   314
       Plate armour      |       |       |       |   276 ||   276
Dodge: Dodged            |    45 |    36 |    57 |   222 ||   360
Block: Buckler           |    25 |    19 |    37 |   129 ||   210

Table legend:
 A = Non-vault XP
 B = Vault XP
 C = Vault XP percentage of total XP
 D = Non-vault monster count
 E = Vault monster count
 F = Vault count percentage of total count
                 A         B        C        D         E       F
            +---------+---------+-------+---------+---------+-------
      Total |   23025 |    5013 |  17.9 |     269 |      21 |   7.2
            +---------+---------+-------+---------+---------+-------
        D:1 |      42 |       4 |   8.7 |      23 |       2 |   8.0
        D:2 |      58 |       0 |   0.0 |      17 |       0 |   0.0
        D:3 |     112 |       0 |   0.0 |      20 |       0 |   0.0
        D:4 |     592 |     749 |  55.9 |      27 |       6 |  18.2
        D:5 |     952 |     507 |  34.7 |      19 |       2 |   9.5
        D:6 |     510 |       0 |   0.0 |       9 |       0 |   0.0
        D:7 |     928 |     502 |  35.1 |      14 |       1 |   6.7
        D:8 |    1449 |       0 |   0.0 |      36 |       0 |   0.0
        D:9 |    2199 |     379 |  14.7 |      15 |       1 |   6.2
       D:10 |    2941 |       0 |   0.0 |      23 |       0 |   0.0
       D:11 |    2443 |     542 |  18.2 |      16 |       1 |   5.9
     Lair:1 |    5716 |    1017 |  15.1 |      29 |       2 |   6.5
     Lair:2 |    4053 |    1198 |  22.8 |      18 |       5 |  21.7
     Lair:3 |    1030 |     115 |  10.0 |       3 |       1 |  25.0
            +---------+---------+-------+---------+---------+-------
